 Dungeon Crawl Stone Soup version 0.29.0-4-gdea44cf6ec (webtiles) character file.

Game seed: 3913693751068483375

43 qw the Chopper (level 3, 0/21 HPs)
             Began as a Tengu Warper on Aug 28, 2022.
             Slain by a gnoll
             ... wielding a +0 vorpal spear
              (3 damage)
             ... on level 2 of the Dungeon.
             The game lasted 00:00:07 (1858 turns).

qw the Chopper (Tengu Warper)                       Turns: 1858, Time: 00:00:07

Health: 0/21       AC:  3    Str: 13    XL:     3   Next: 58%
Magic:  7/7        EV: 12    Int: 13    God:
Gold:   35         SH:  0    Dex: 13    Spells: 6/6 levels left

rFire   . . .      SeeInvis .   Y - +0 hand axe
rCold   . . .      Faith    .   (no shield)
rNeg    . . .      Spirit   .   b - +0 leather armour
rPois   .          Reflect  .   (helmet restricted)
rElec   .          Harm     .   (no cloak)
rCorr   .          Rampage  .   (no gloves)
Will    .....                   (boots unavailable)
Stlth   +.........              (no amulet)
HPRegen 0.07/turn               (no ring)
MPRegen 0.10/turn               (no ring)

@: no status effects
A: beak, talons 3
a: no special abilities


You were on level 2 of the Dungeon.
You visited 1 branch of the dungeon, and saw 2 of its levels.

You collected 35 gold pieces.


Innate Abilities, Weirdness & Mutations

You have a beak for a mouth.
You have claws for feet.


   Skills:
 - Level 2.0 Fighting
 + Level 4.2 Axes
 - Level 1.0 Throwing
 - Level 1.1 Armour
 - Level 2.1 Dodging
 - Level 2.0 Spellcasting
 - Level 2.4 Translocations


You had 6 spell levels left.
You didn't know any spells.
Your spell library contained the following spells:

 Spells                   Type           Power      Damage    Failure   Level
 Blink                    Tloc           14%        N/A       19%         2
 Gell's Gravitas          Tloc           7%         N/A       36%         3
 Lesser Beckoning         Tloc           7%         N/A       36%         3
 Teleport Other           Tloc           7%         N/A       36%         3
 Manifold Assault         Tloc           7%         N/A       98%         5

Inventory:

Hand Weapons
 e - a +0 whip
 Y - a +0 hand axe (weapon)
Armour
 a - a +2 cloak
 b - a +0 leather armour (worn)
 f - a +0 plate armour
Scrolls
 c - 4 scrolls of identify {unknown}
Potions
 d - a potion of heal wounds {unknown}
 g - a potion of curing {unknown}

Dungeon Overview and Level Annotations

Branches:
Dungeon (2/15)

Altars:


Message History

You kill the worm!
You start resting.
HP restored.
You see here a worm corpse.
Found 4 stones.
A rat comes into view.
You hit the rat. You claw the rat.
You kill the rat!
You hit the bush but do no damage.
You see here a rat corpse.
Found a stone staircase leading down.
Found 4 large rocks.
c - 4 scrolls labelled JOYTRUNUOS (gained 1)
There is a stone staircase leading down here.
Found a stone staircase leading up.
You see here 4 stones.
Enter note:
Enter note:
Enter note: You see here 4 stones.
Found an escape hatch in the floor.
Enter note: A gnoll comes into view. It is wielding a +0 vorpal spear.
1850 ||| Stepping ~*~*~tactically~*~*~ (hiding).
You start waiting.
A gnoll is nearby!
The gnoll hits you from afar with a +0 vorpal spear. 2 gnolls come into view.
The gnoll shouts! x2
The gnoll barely misses you.
A gnoll comes into view. It is wielding a +0 club.
You barely miss the gnoll.
The gnoll hits you with a +0 vorpal spear.
You hit the gnoll. You claw the gnoll.
The gnoll is heavily wounded.
The gnoll closely misses you.
You hit the gnoll. You peck the gnoll, but do no damage.
The gnoll is heavily wounded.
The gnoll hits you with a +0 vorpal spear!
You die...

#'##........# #.##.##.#
#..+........+ ..# #.##....#
####........####g# #.#######
###...........#g# #.#
#........##.# #.# # ##.#
#........## #.#g#.# #P.##
#.........#.#.#.#.# #..7.##
#.........#...g>..##...P7..#
#..<......#.#.#@####..P77.P###
##.........#.......##... 77...#
.....#####.#.#.#.#.##..777.7..#
....%# #.# #.#.#.##.P.P777..#
.....#####.# # #.#.##....7..P.#
.........#.# #.#.###..PP7P%.#
#........#.# #.#.......777..#
#........#.# ..#..####....#.###
#........#.#######..#.(...7......


You could see 4 gnolls.

Vanquished Creatures
  An adder (D:2)
  A worm (D:2)
  A dart slug (D:1)
  4 endoplasms (D:1)
  A giant cockroach (D:2)
  2 hobgoblins
  3 jackals (D:2)
  3 quokkas
  2 ball pythons
  2 bats
  3 frilled lizards
  A kobold (D:1)
  4 rats
28 creatures vanquished.

Vanquished Creatures (others)
  3 plants (D:2)
3 creatures vanquished.

Grand Total: 31 creatures vanquished

Notes
Turn   | Place    | Note
-------+----------+-------------------------------------------
     0 | D:1      | qw the Tengu Warper began the quest for the Orb.
     0 | D:1      | Reached XP level 1. HP: 12/12 MP: 4/4
     0 | D:1      | 0 ||| qw: Version: 0.1-a-89-g26bdef1
     0 | D:1      | 0 ||| qw: Game counter: 430
     0 | D:1      | 0 ||| qw: Always use a shield: true
     0 | D:1      | 0 ||| qw: God list: Okawaru
     0 | D:1      | 0 ||| qw: Allow faded altars: false
     0 | D:1      | 0 ||| qw: Do Orc after D:15 true
     0 | D:1      | 0 ||| qw: Do second Lair branch before Depths: true
     0 | D:1      | 0 ||| qw: Lair rune preference: random
     0 | D:1      | 0 ||| qw: Plans: Normal
     0 | D:1      | 0 ||| PLANNING D:1-11
   193 | D:1      | Reached skill level 3 in Axes
   193 | D:1      | Reached XP level 2. HP: 15/17 MP: 6/6
   393 | D:1      | 393 ||| Stepping ~*~*~tactically~*~*~ (hiding).
   495 | D:1      | 495 ||| Stepping ~*~*~tactically~*~*~ (hiding).
   882 | D:1      | 882 ||| READING scroll labelled INWURE GUCOM.
   886 | D:1      | 886 ||| READING scroll labelled WOUCLY PAGRO.
   887 | D:1      | 887 ||| DROPPING scroll of blinking.
  1270 | D:2      | Reached XP level 3. HP: 15/21 MP: 7/7
  1434 | D:2      | Reached skill level 4 in Axes
  1850 | D:2      | 1850 ||| Stepping ~*~*~tactically~*~*~ (hiding).
  1858 | D:2      | HP: 3/21 [gnoll/+0 vorpal spear (8)]
  1858 | D:2      | Slain by a gnoll

Levels and vault maps discovered:
D:1:      denvon_arrival_planthouse, layout_basic
D:2:      layout_basic, serial_forest, infiniplex_forest_clump_long,
          infiniplex_forest_end_double, infiniplex_forest_corner_1,
          infiniplex_forest_lined_3, infiniplex_forest_straight_3,
          infiniplex_forest_lined_room_3, infiniplex_forest_clump_long,
          basic_ecumenical_altar, uniq_natasha

Skill      XL: |  1  2  3 |
---------------+----------+-----
Axes           | 3 4 |  4.2
Fighting       | |  2.0
Throwing       | |  1.0
Armour         | |  1.1
Dodging        | |  2.1
Spellcasting   | |  2.0
Translocations | |  2.4

Action                   || total
-------------------------++-------
Melee: Hand axe          ||    66
       Kick              ||    16
       Peck              ||    12
Throw: Boomerang         ||     7
  Use: Scroll            ||     2
Armor: Leather armour    ||    19
Dodge: Dodged            ||    21

Table legend:
 A = Non-vault XP
 B = Vault XP
 C = Vault XP percentage of total XP
 D = Non-vault monster count
 E = Vault monster count
 F = Vault count percentage of total count
                 A         B        C        D         E       F
            +---------+---------+-------+---------+---------+-------
      Total |      62 |       0 |   0.0 |      28 |       0 |   0.0
            +---------+---------+-------+---------+---------+-------
        D:1 |      21 |       0 |   0.0 |      12 |       0 |   0.0
        D:2 |      41 |       0 |   0.0 |      16 |       0 |   0.0
            +---------+---------+-------+---------+---------+-------
